 Dungeon Crawl Stone Soup version 0.22-a0-181-gb22368a (webtiles) character file.

8 mhoghedin the Fighter (level 2, -1/33 HPs)
             Began as a Gnoll Wanderer on Feb 14, 2018.
             Slain by a gnoll
             ... wielding a +0 spear
              (7 damage)
             ... on level 1 of the Dungeon.
             The game lasted 00:00:40 (279 turns).

mhoghedin the Fighter (Gnoll Wanderer)               Turns: 279, Time: 00:00:41

Health: -1/33      AC:  6    Str: 13    XL:     2   Next: 8%
Magic:  2/2        EV: 10    Int: 13    God:
Gold:   11         SH:  0    Dex: 16    Spells: 1/1 levels left

rFire    . . .     SeeInvis .   e - -3 short sword (curse)
rCold    . . .     Gourm    .   (no shield)
rNeg     . . .     Faith    .   c - +0 ring mail
rPois    .         Spirit   .   (no helmet)
rElec    .         Reflect  .   (no cloak)
rCorr    .         Harm     .   (no gloves)
MR       .....                  (no boots)
Stlth    ++........             (no amulet)
HPRegen  0.11/turn              (no ring)
MPRegen  0.08/turn              (no ring)

@: very slightly contaminated
A: distributed training, fangs 1, strong nose
a: no special abilities


You were on level 1 of the Dungeon.
You were not hungry.

You visited 1 branch of the dungeon, and saw 1 of its levels.

You collected 11 gold pieces.

Inventory:

Hand Weapons
 a - a +2 mace
 d - a +0 dagger
 e - a cursed -3 short sword (weapon)
   (You found it on level 1 of the Dungeon)
Armour
 c - a +0 ring mail (worn)
Potions
 b - a potion of lignification {!q}
Comestibles
 f - a ration
 g - 3 chunks of flesh {@w0}


   Skills:
 + Level 8.4 Fighting
 + Level 0.2 Short Blades
 + Level 0.2 Long Blades
 + Level 2.4 Axes
 + Level 2.4 Maces & Flails
 + Level 0.2 Polearms
 + Level 0.2 Staves
 + Level 0.2 Slings
 + Level 0.2 Bows
 + Level 0.2 Crossbows
 + Level 0.2 Throwing
 + Level 4.4 Armour
 + Level 0.2 Dodging
 + Level 4.0 Stealth
 + Level 0.2 Shields
 + Level 0.2 Unarmed Combat
 + Level 0.2 Spellcasting
 + Level 0.1 Conjurations
 + Level 0.1 Hexes
 + Level 0.1 Charms
 + Level 0.1 Summonings
 + Level 0.1 Necromancy
 + Level 0.1 Translocations
 + Level 0.1 Transmutations
 + Level 0.1 Fire Magic
 + Level 0.1 Ice Magic
 + Level 0.1 Air Magic
 + Level 0.1 Earth Magic
 + Level 0.1 Poison Magic
 + Level 0.3 Invocations
 + Level 0.2 Evocations


You had one spell level left.
You didn't know any spells.

Dungeon Overview and Level Annotations

Branches:
Dungeon (1/15)

Altars:


Innate Abilities, Weirdness & Mutations

Your experience applies equally to all skills.
You have very sharp teeth.
Your uncanny sense of smell can sniff out nearby items.


Message History

You hit the jackal.
You kill the jackal!
Your ring mail prevents you from hitting the giant cockroach.
The giant cockroach bites you but does no damage.
You hit the giant cockroach.
The giant cockroach completely misses you.
The giant cockroach bites you but does no damage.
You barely miss the giant cockroach. You bite the giant cockroach.
The giant cockroach bites you.
You take 1 damage, and have 13/26 hp.
You hit the giant cockroach.
You kill the giant cockroach!
You have reached level 2!
You regained 4 hp, and now have 17/33 hp.
MP restored: 2
Things that are here:
a jackal corpse x2
You butcher the jackal corpse.
g - 3 chunks of flesh {@w0}
Things that are here:
a jackal skeleton; a jackal corpse You start resting.
Health restored: 33 You now have 11 gold pieces.
h - a scroll labeled NOR PEERGHUIX A hobgoblin comes into view.
It is wielding a club.
A gnoll comes into view. It is wielding a spear.
The hobgoblin shouts!
A giant cockroach comes into view.
Blink to where?
You are very lightly contaminated with residual magic.
As you read the scroll labeled NOR PEERGHUIX, it crumbles to dust.
It was a scroll of blinking.
You hit the hobgoblin. The hobgoblin hits you with a club.
You take 1 damage, and have 32/33 hp.
You hit the hobgoblin but do no damage. The hobgoblin barely misses you.
You closely miss the hobgoblin. The giant cockroach closely misses you.
The hobgoblin hits you with a club. The giant cockroach barely misses you.
You take 2 damage, and have 30/33 hp.
You hit the hobgoblin.
You kill the hobgoblin!
The gnoll shouts!
The giant cockroach barely misses you.
You barely miss the giant cockroach. The giant cockroach closely misses you.
You hit the giant cockroach but do no damage.
The giant cockroach barely misses you.
The giant cockroach bites you but does no damage.
You barely miss the giant cockroach.
The giant cockroach bites you but does no damage.
You hit the giant cockroach but do no damage.
The giant cockroach bites you. The gnoll hits you but does no damage.
You take 1 damage, and have 29/33 hp.
You barely miss the giant cockroach.
The giant cockroach bites you but does no damage.
The gnoll closely misses you.
The giant cockroach bites you but does no damage.
You closely miss the giant cockroach.
The gnoll hits you from afar with a spear.
The giant cockroach bites you but does no damage.
You hit the giant cockroach. The giant cockroach bites you.
The gnoll closely misses you.
You barely miss the giant cockroach.
You bite the giant cockroach, but do no damage.
The giant cockroach bites you but does no damage.
The gnoll hits you from afar with a spear.
The giant cockroach closely misses you.
You take 10 damage, and have 19/33 hp.
MASSIVE DAMAGE!!
You closely miss the giant cockroach.
You bite the giant cockroach, but do no damage.
The gnoll hits you from afar with a spear.
The giant cockroach bites you but does no damage.
You take 3 damage, and have 16/33 hp.
You hit the giant cockroach but do no damage.
The gnoll barely misses you.
The giant cockroach bites you but does no damage.
You closely miss the giant cockroach.
The giant cockroach bites you but does no damage.
The gnoll hits you but does no damage.
You barely miss the giant cockroach.
The giant cockroach bites you but does no damage.
The gnoll hits you from afar with a spear.
The giant cockroach closely misses you.
You take 2 damage, and have 14/33 hp.
You closely miss the giant cockroach.
You bite the giant cockroach, but do no damage.
The gnoll hits you from afar with a spear.
The giant cockroach closely misses you. The gnoll barely misses you.
You take 4 damage, and have 10/33 hp.
You hit the giant cockroach but do no damage.
You bite the giant cockroach, but do no damage.
The giant cockroach bites you.
* * * LOW HITPOINT WARNING * * *
The gnoll hits you from afar with a spear.
* * * LOW HITPOINT WARNING * * *
You take 4 damage, and have 6/33 hp.
You hit the giant cockroach but do no damage.
The giant cockroach bites you but does no damage.
The gnoll hits you from afar with a spear!
You die...

#............ .......
#.........####.......
#.........##.........
#.........##.#.......
#.........##.#.......
#.........##.#.......
#.........##.#.......
#########.##.)s......
#.......@.g.###+
#...............
#...........####
........#######
.♣.♣.♣... #.........
.♣.♣.♣.... #.#......


You could see a gnoll and a giant cockroach.

Vanquished Creatures
  A giant cockroach (D:1)
  A hobgoblin (D:1)
  4 jackals (D:1)
6 creatures vanquished.

Notes
Turn   | Place    | Note
-------+----------+-------------------------------------------
     0 | D:1      | mhoghedin the Gnoll Wanderer began the quest for the Orb.
     0 | D:1      | mhoghedin set off with: a +2 mace, a potion of lignification {!q}, a +0 ring mail, a +0 dagger, a ration
     0 | D:1      | Reached XP level 1. HP: 26/26 MP: 1/1
    90 | D:1      | Reached XP level 2. HP: 17/33 MP: 2/2
   278 | D:1      | HP: 6/33 [gnoll/spear (3)]
   279 | D:1      | Slain by a gnoll

Vault maps used:
D:1:      tarquinn_simple_flora_water_a, serial_forest, infiniplex_forest_end_1,
          infiniplex_forest_lined_corner, infiniplex_forest_lined_corner,
          infiniplex_forest_pool, infiniplex_forest_lined_room_3,
          infiniplex_forest_lined_2, infiniplex_forest_clump_curved,
          infiniplex_forest_clump_cross

Action                   || total
-------------------------++-------
Melee: Short sword       ||    69
       Bite              ||    10
  Use: Scroll            ||     1
Armor: Ring mail         ||    59
Dodge: Dodged            ||    56

Table legend:
 A = Spawn XP
 B = Non-spawn XP
 C = Spawn XP percentage of total XP
 D = Spawn monster count
 E = Non-spawn monster count
 F = Spawn count percentage of total count
 G = Total turns spent on level
                    A         B        C        D         E        F      G
               +---------+---------+-------+---------+---------+-------+---------
         Total |       0 |      12 |   0.0 |       0 |       6 |   0.0 |   279
               +---------+---------+-------+---------+---------+-------+---------
           D:1 |       0 |      12 |   0.0 |       0 |       6 |   0.0 |   279
               +---------+---------+-------+---------+---------+-------+---------

Vault maps used:
D:1:      tarquinn_simple_flora_water_a, serial_forest, infiniplex_forest_end_1,
          infiniplex_forest_lined_corner, infiniplex_forest_lined_corner,
          infiniplex_forest_pool, infiniplex_forest_lined_room_3,
          infiniplex_forest_lined_2, infiniplex_forest_clump_curved,
          infiniplex_forest_clump_cross

Table legend:
 A = Turns spent in this place as a percentage of turns spent in the entire game.
 B = Non-inter-level travel turns spent in this place as a percentage of non-inter-level travel turns spent in the entire game.
 C = Inter-level travel turns spent in this place as a percentage of turns spent in this place.
 D = Turns resting spent in this place as a percentage of non-inter-level travel turns spent in this place.
 E = Turns spent auto-exploring this place as a percentage of non-inter-level travel turns spent in this place.
 F = Non-inter-level travel turns spent in this place divided by the number of levels of this place that you've seen.
                   A       B       C       D       E      F
               +-------+-------+-------+-------+-------+----------------------
         Total | 100.0 | 100.0 |   0.0 |  50.2 |  17.2 | 279.0
       Dungeon | 100.0 | 100.0 |   0.0 |  50.2 |  17.2 | 279.0
               +-------+-------+-------+-------+-------+----------------------

Table legend:
 A = Kills in this place as a percentage of kills in entire the game.
 B = Kills by you in this place as a percentage of kills by you in the entire game.
 C = Kills by friends in this place as a percentage of kills by friends in the entire game.
 D = Other kills in this place as a percentage of other kills in the entire game.
 E = Experience gained in this place as a percentage of experience gained in the entire game.
 F = Experience gained in this place divided by the number of levels of this place that you have seen.
                   A       B       C       D       E      F
               +-------+-------+-------+-------+-------+----------------------
         Total | 100.0 | 100.0 |   N/A |   N/A | 100.0 |  12.0
       Dungeon | 100.0 | 100.0 |   N/A |   N/A | 100.0 |  12.0
               +-------+-------+-------+-------+-------+----------------------
